TOP OF THE 1ST |
Beloit Snappers batting - Pitching for Quad Cities River Bandits : RHP Mike Wirick
|
Pitching: RHP Mike Wirick
|
|
Batting: LHB Jeremy Brammer
|
0-0: Called Strike 0-1: Called Strike 0-2: Ball 1-2: Ball 2-2: Fly out, F6 (Line Drive, 6M, EV 62.5 MPH)
|
Batting: RHB Don Burt
|
0-0: Ball 1-0: Foul Ball, location: 2F 1-1: Swinging Strike 1-2: Ball 2-2: Foul Ball, location: 2F 2-2: Foul Ball, location: 2F 2-2: Strikes out swinging
|
Batting: RHB Shannon Beck
|
0-0: Ball 1-0: Called Strike 1-1: Foul Ball, location: 2F 1-2: Fly out, F8 (Flyball, 89XD, EV 99.4 MPH)
|
Top of the 1st over - 0 runs, 0 hits, 0 errors, 0 left on base; Beloit 0 - Quad Cities 0 |
BOTTOM OF THE 1ST |
Quad Cities River Bandits batting - Pitching for Beloit Snappers : RHP Jon Hollman
|
Pitching: RHP Jon Hollman
|
|
Batting: LHB Glenn Lowther
|
0-0: DOUBLE (Line Drive, 89D, EV 113.1 MPH)
|
Batting: RHB Edgar Trejo
|
0-0: Ground out U3 (Groundball, 3, EV 98.1 MPH) Glenn Lowther to third
|
Batting: SHB Dan Castaneda
|
0-0: Ball 1-0: Ball 2-0: Ball 3-0: Base on Balls
|
Batting: RHB Andrew Pride
|
0-0: Ball Wild Pitch! Glenn Lowther scores Dan Castaneda to second 1-0: SINGLE (Line Drive, 8LS, EV 103.8 MPH) Dan Castaneda to third Runner from 3rd tries for Home, SAFE, throw by CF to home Andrew Pride to second
|
Batting: RHB Dinand Brouwer
|
0-0: Ball 1-0: Ball 2-0: Fly out, F9 (Flyball, 9LM, EV 76.2 MPH)
|
Batting: LHB Jackson Trottier
|
0-0: Called Strike 0-1: Ball 1-1: Swinging Strike 1-2: Strikes out swinging
|
Bottom of the 1st over - 2 runs, 2 hits, 0 errors, 1 left on base; Beloit 0 - Quad Cities 2 |
TOP OF THE 2ND |
Beloit Snappers batting - Pitching for Quad Cities River Bandits : RHP Mike Wirick
|
Batting: LHB Felipe Gomez
|
0-0: Foul Ball, location: 2F 0-1: Fly out, F8 (Flyball, 8RXD, EV 101.2 MPH)
|
Batting: RHB Mike Gangi
|
0-0: Called Strike 0-1: Swinging Strike 0-2: Ball 1-2: Foul Ball, location: 2F 1-2: Strikes out looking
|
Batting: LHB Robert Wilkins
|
0-0: Ball 1-0: Called Strike 1-1: Called Strike 1-2: Fly out, F7 (Line Drive, 7S, EV 87.5 MPH)
|
Top of the 2nd over - 0 runs, 0 hits, 0 errors, 0 left on base; Beloit 0 - Quad Cities 2 |
BOTTOM OF THE 2ND |
Quad Cities River Bandits batting - Pitching for Beloit Snappers : RHP Jon Hollman
|
Batting: RHB Sean Mounts
|
0-0: Foul Ball, location: 2F 0-1: Called Strike 0-2: Strikes out swinging
|
Batting: RHB Steve Moore
|
0-0: Called Strike 0-1: Swinging Strike 0-2: Ball 1-2: Ball 2-2: Ground out 5-3 (Groundball, 5, EV 82.5 MPH)
|
Batting: RHB Ray Souza
|
0-0: SINGLE (Groundball, 25, EV 71.2 MPH) (infield hit)
|
Batting: LHB Glenn Lowther
|
0-0: Called Strike 0-1: Ball 1-1: Ball 2-1: Swinging Strike 2-2: Foul Ball, location: 2F 2-2: Ground out U3 (Groundball, 3, EV 105.6 MPH)
|
Bottom of the 2nd over - 0 runs, 1 hit, 0 errors, 1 left on base; Beloit 0 - Quad Cities 2 |
TOP OF THE 3RD |
Beloit Snappers batting - Pitching for Quad Cities River Bandits : RHP Mike Wirick
|
Batting: LHB Alan Bianchard
|
0-0: Ball 1-0: SINGLE (Line Drive, 5D, EV 101.2 MPH)
|
Batting: RHB Emiel Schlepers
|
0-0: Foul Ball, location: 2F 0-1: Ball 1-1: Grounds into double play, 4-6-3 (Groundball, 4M, EV 95.0 MPH)
|
Batting: RHB Clay Statum
|
0-0: Ball 1-0: Ball 2-0: Ball 3-0: Called Strike 3-1: Base on Balls
|
Batting: LHB Jeremy Brammer
|
0-0: Ground out 4-3 (Groundball, 4S, EV 85.0 MPH)
|
Top of the 3rd over - 0 runs, 1 hit, 0 errors, 1 left on base; Beloit 0 - Quad Cities 2 |
BOTTOM OF THE 3RD |
Quad Cities River Bandits batting - Pitching for Beloit Snappers : RHP Jon Hollman
|
Batting: RHB Edgar Trejo
|
0-0: Swinging Strike 0-1: Ball 1-1: Foul Ball, location: 2F 1-2: Foul Ball, location: 2F 1-2: Foul Ball, location: 2F 1-2: Ground out U3 (Groundball, 34, EV 83.8 MPH)
|
Batting: SHB Dan Castaneda
|
0-0: Called Strike 0-1: Ground out 6-3 (Groundball, 6, EV 93.8 MPH)
|
Batting: RHB Andrew Pride
|
0-0: Ball 1-0: SINGLE (Line Drive, 34D, EV 105.0 MPH)
|
Batting: RHB Dinand Brouwer
|
0-0: Called Strike 0-1: Called Strike 0-2: Ball 1-2: Foul Ball, location: 2F 1-2: Foul Ball, location: 2F 1-2: Foul Ball, location: 2F 1-2: Foul Ball, location: 2F 1-2: 2-RUN HOME RUN (Flyball, 7D, EV 98.8 MPH), Distance : 385 ft
|
Batting: LHB Jackson Trottier
|
0-0: Foul Ball, location: 2F 0-1: Ground out 4-3 (Groundball, 13, EV 85.0 MPH)
|
Bottom of the 3rd over - 2 runs, 2 hits, 0 errors, 0 left on base; Beloit 0 - Quad Cities 4 |
TOP OF THE 4TH |
Beloit Snappers batting - Pitching for Quad Cities River Bandits : RHP Mike Wirick
|
Batting: RHB Don Burt
|
0-0: SINGLE (Groundball, 34D, EV 99.4 MPH)
|
Batting: RHB Shannon Beck
|
0-0: Grounds into double play, 6-4-3 (Groundball, 6, EV 76.2 MPH)
|
Batting: LHB Felipe Gomez
|
0-0: Called Strike 0-1: Ball 1-1: Ball 2-1: Ball 3-1: Foul Ball, location: 2F 3-2: Strikes out looking
|
Top of the 4th over - 0 runs, 1 hit, 0 errors, 0 left on base; Beloit 0 - Quad Cities 4 |
BOTTOM OF THE 4TH |
Quad Cities River Bandits batting - Pitching for Beloit Snappers : RHP Jon Hollman
|
Batting: RHB Sean Mounts
|
0-0: Swinging Strike 0-1: Ball 1-1: Ground out 5-3 (Groundball, 56, EV 88.8 MPH)
|
Batting: RHB Steve Moore
|
0-0: Ball 1-0: Ground out U3 (Groundball, 34S, EV 93.1 MPH)
|
Batting: RHB Ray Souza
|
0-0: Swinging Strike 0-1: Called Strike 0-2: Ball 1-2: Ground out 5-3 (Groundball, 56S, EV 86.2 MPH)
|
Bottom of the 4th over - 0 runs, 0 hits, 0 errors, 0 left on base; Beloit 0 - Quad Cities 4 |
TOP OF THE 5TH |
Beloit Snappers batting - Pitching for Quad Cities River Bandits : RHP Mike Wirick
|
Batting: RHB Mike Gangi
|
0-0: Foul Ball, location: 2F 0-1: Ground out 4-3 (Groundball, 4, EV 101.9 MPH)
|
Batting: LHB Robert Wilkins
|
0-0: Called Strike 0-1: Swinging Strike 0-2: Strikes out swinging
|
Batting: LHB Alan Bianchard
|
0-0: Ball 1-0: Called Strike 1-1: Foul Ball, location: 2F 1-2: Foul Ball, location: 2F 1-2: Foul Ball, location: 2F 1-2: Ball 2-2: Ball 3-2: Foul Ball, location: 2F 3-2: Base on Balls
|
Batting: RHB Emiel Schlepers
|
0-0: Ball 1-0: Ground out 4-3 (Groundball, 4MD, EV 82.5 MPH)
|
Top of the 5th over - 0 runs, 0 hits, 0 errors, 1 left on base; Beloit 0 - Quad Cities 4 |
BOTTOM OF THE 5TH |
Quad Cities River Bandits batting - Pitching for Beloit Snappers : RHP Jon Hollman
|
Batting: LHB Glenn Lowther
|
0-0: Ball 1-0: Ground out 5-3 (Groundball, 56, EV 105.0 MPH)
|
Batting: RHB Edgar Trejo
|
0-0: Ball 1-0: Ball 2-0: Swinging Strike 2-1: Foul Ball, location: 2F 2-2: Foul Ball, location: 2F 2-2: Ball 3-2: Foul Ball, location: 2F 3-2: SINGLE (Flyball, 8LS, EV 91.9 MPH)
|
Batting: SHB Dan Castaneda
|
0-0: SINGLE (Groundball, 6MD, EV 107.5 MPH) Edgar Trejo to second Runner from 2nd tries for 3rd, SAFE, throw by CF made to third
|
Batting: RHB Andrew Pride
|
0-0: Ball Dan Castaneda steals 2nd base 1-0: Ground out 6-3 (Groundball, 6, EV 101.2 MPH) Edgar Trejo scores
|
Pitching: RHP Ricky Lopez
|
|
Batting: RHB Dinand Brouwer
|
0-0: Swinging Strike 0-1: Ball 1-1: Foul Ball, location: 2F 1-2: Ball 2-2: Strikes out looking
|
Bottom of the 5th over - 1 run, 2 hits, 0 errors, 1 left on base; Beloit 0 - Quad Cities 5 |
TOP OF THE 6TH |
Beloit Snappers batting - Pitching for Quad Cities River Bandits : RHP Mike Wirick
|
Batting: RHB Clay Statum
|
0-0: Foul Ball, location: 2F 0-1: Ground out U3 (Groundball, 34, EV 83.8 MPH)
|
Batting: LHB Jeremy Brammer
|
0-0: Called Strike 0-1: Ball 1-1: Ball 2-1: Ground out 4-3 (Groundball, 4, EV 101.2 MPH)
|
Batting: RHB Don Burt
|
0-0: Ball 1-0: Ball 2-0: Called Strike 2-1: Called Strike 2-2: Foul Ball, location: 2F 2-2: Strikes out swinging
|
Top of the 6th over - 0 runs, 0 hits, 0 errors, 0 left on base; Beloit 0 - Quad Cities 5 |
BOTTOM OF THE 6TH |
Quad Cities River Bandits batting - Pitching for Beloit Snappers : RHP Ricky Lopez
|
Batting: LHB Jackson Trottier
|
0-0: Foul Ball, location: 2F 0-1: Ball 1-1: SINGLE (Line Drive, 56, EV 97.5 MPH)
|
Batting: RHB Sean Mounts
|
0-0: Ball 1-0: Foul Ball, location: 2F 1-1: Swinging Strike 1-2: Foul Ball, location: 2F 1-2: Fly out, F4 (Popup, 4, EV 57.5 MPH)
|
Batting: RHB Steve Moore
|
0-0: Called Strike 0-1: Ball 1-1: Called Strike 1-2: Ball 2-2: Strikes out swinging
|
Batting: RHB Ray Souza
|
0-0: Ball 1-0: Swinging Strike 1-1: Fielders Choice at 2nd, 6-4 (Groundball, 6, EV 85.6 MPH)
|
Bottom of the 6th over - 0 runs, 1 hit, 0 errors, 1 left on base; Beloit 0 - Quad Cities 5 |
TOP OF THE 7TH |
Beloit Snappers batting - Pitching for Quad Cities River Bandits : RHP Mike Wirick
|
Batting: RHB Shannon Beck
|
0-0: Called Strike 0-1: Called Strike 0-2: Ground out 5-3 (Groundball, 5, EV 110.6 MPH)
|
Batting: LHB Felipe Gomez
|
0-0: Foul Ball, location: 2F 0-1: Ball 1-1: Foul Ball, location: 2F 1-2: Fly out, F7 (Line Drive, 78M, EV 105.0 MPH)
|
Batting: RHB Mike Gangi
|
0-0: Ball 1-0: Ball 2-0: Foul Ball, location: 2F 2-1: Swinging Strike 2-2: Strikes out looking
|
Top of the 7th over - 0 runs, 0 hits, 0 errors, 0 left on base; Beloit 0 - Quad Cities 5 |
BOTTOM OF THE 7TH |
Quad Cities River Bandits batting - Pitching for Beloit Snappers : RHP Ricky Lopez
|
Batting: LHB Glenn Lowther
|
0-0: Swinging Strike 0-1: Ball 1-1: Ball 2-1: Foul Ball, location: 2F 2-2: Ball 3-2: SINGLE (Groundball, 56D, EV 106.9 MPH)
|
Batting: RHB Edgar Trejo
|
0-0: Called Strike 0-1: Swinging Strike 0-2: Ball 1-2: Ball 2-2: Strikes out swinging
|
Batting: SHB Dan Castaneda
|
0-0: Foul Ball, location: 2F 0-1: Ball 1-1: Called Strike Glenn Lowther is caught stealing 2nd base 2-6 1-2: Strikes out swinging
|
Bottom of the 7th over - 0 runs, 1 hit, 0 errors, 0 left on base; Beloit 0 - Quad Cities 5 |
TOP OF THE 8TH |
Beloit Snappers batting - Pitching for Quad Cities River Bandits : RHP Mike Wirick
|
Batting: LHB Robert Wilkins
|
0-0: Swinging Strike 0-1: Ball 1-1: Ball 2-1: Ball 3-1: Called Strike 3-2: Strikes out looking
|
Batting: LHB Alan Bianchard
|
0-0: Called Strike 0-1: Foul Ball, location: 2F 0-2: Ball 1-2: SINGLE (Flyball, 56D, EV 84.4 MPH)
|
Pitching: RHP Gabe Torres
|
|
Batting: RHB Emiel Schlepers
|
0-0: Called Strike 0-1: Swinging Strike 0-2: Foul Ball, location: 2F 0-2: Foul Ball, location: 2F 0-2: Ball 1-2: Ball 2-2: Strikes out swinging
|
Batting: RHB Clay Statum
|
0-0: Foul Ball, location: 2F 0-1: Ball 1-1: Ground out 4-3 (Groundball, 4, EV 85.0 MPH)
|
Top of the 8th over - 0 runs, 1 hit, 0 errors, 1 left on base; Beloit 0 - Quad Cities 5 |
BOTTOM OF THE 8TH |
Quad Cities River Bandits batting - Pitching for Beloit Snappers : RHP Ricky Lopez
|
Batting: RHB Andrew Pride
|
0-0: Ball 1-0: Ball 2-0: Ground out 6-3 (Groundball, 6S, EV 89.4 MPH)
|
Batting: RHB Dinand Brouwer
|
0-0: Called Strike 0-1: Ball 1-1: Called Strike 1-2: Foul Ball, location: 2F 1-2: DOUBLE (Groundball, 5L, EV 103.8 MPH)
|
Batting: LHB Jackson Trottier
|
0-0: Ball 1-0: DOUBLE (Line Drive, 7LM, EV 97.5 MPH) Dinand Brouwer scores
|
Batting: RHB Sean Mounts
|
0-0: Ball 1-0: Called Strike 1-1: Ball 2-1: Ball 3-1: Called Strike 3-2: Strikes out swinging
|
Batting: RHB Steve Moore
|
0-0: Ball 1-0: Ball 2-0: Foul Ball, location: 2F 2-1: Called Strike 2-2: Foul Ball, location: 2F 2-2: Fly out, F9 (Flyball, 9, EV 93.8 MPH)
|
Bottom of the 8th over - 1 run, 2 hits, 0 errors, 1 left on base; Beloit 0 - Quad Cities 6 |
TOP OF THE 9TH |
Beloit Snappers batting - Pitching for Quad Cities River Bandits : RHP Gabe Torres
|
Batting: LHB Jeremy Brammer
|
0-0: Ball 1-0: Swinging Strike 1-1: Foul Ball, location: 2F 1-2: Foul Ball, location: 2F 1-2: Strikes out looking
|
Batting: RHB Don Burt
|
0-0: Ball 1-0: Called Strike 1-1: Ball 2-1: Ground out 5-3 (Groundball, 56S, EV 70.6 MPH)
|
Batting: RHB Shannon Beck
|
0-0: Called Strike 0-1: Ground out 5-3 (Groundball, 56S, EV 81.9 MPH)
|
Top of the 9th over - 0 runs, 0 hits, 0 errors, 0 left on base; Beloit 0 - Quad Cities 6 |
|